 Dungeon Crawl Stone Soup version 0.30.0 (webtiles) character file.

Game seed: 5313195701431945449

9923 alexhoolio the Spear-Bearer (level 11, -12/101 (108) HPs)
             Began as a Minotaur Fighter on May 29, 2023.
             Was a Believer of the Shining One.
             Mangled by Donald
             ... wielding a +3 eveningstar of draining
              (27 damage)
             ... on level 2 of the Orcish Mines on May 30, 2023.
             The game lasted 00:51:51 (10374 turns).

alexhoolio the Spear-Bearer (Minotaur Fighter)     Turns: 10374, Time: 00:51:52

HP:   -12/101 (108) AC: 18    Str: 25    XL:     11   Next: 29%
MP:   7/10          EV:  5    Int:  9    God:    the Shining One [**....]
Gold: 1003          SH:  0    Dex: 10    Spells: 10/10 levels left

rFire   + . .        V - +4 trident (freeze)
rCold   + . .        U - +0 kite shield
rNeg    + . .        L - +1 scale mail {rPois}
rPois   +            (helmet restricted)
rElec   +            C - scarf {rC+ rF+}
rCorr   .            o - +0 pair of gloves
SInv    +            (no boots)
Will    .....        P - amulet "Ballofun" {Faith rElec Int+4 SInv Stlth+}
Stlth   +            p - +4 ring of protection
HPRegen 0.36/turn    v - +4 ring of protection
MPRegen 0.12/turn

%: faith
@: divinely shielded, held, glowing, studying Maces & Flails, drained
A: horns 2, retaliatory headbutt
a: Renounce Religion, Divine Shield


You were on level 2 of the Orcish Mines.
You worshipped the Shining One.
The Shining One was pleased with you.
You visited 3 branches of the dungeon, and saw 12 of its levels.
You also visited: Bailey.

You collected 1003 gold pieces.

Inventory:

Hand Weapons
 d - a +0 dire flail
 g - a +5 halberd
 h - a +0 sling
 R - a +0 flail of distortion
 V - a +4 trident of freezing (weapon)
 Y - a +0 glaive
Missiles
 a - a silver boomerang
 r - 11 poisoned darts
 W - a throwing net (quivered)
Armour
 l - a +0 plate armour
 o - a +0 pair of gloves (worn)
 C - a scarf of resistance (worn)
 L - a +1 scale mail of poison resistance (worn)
 U - a +0 kite shield (worn)
 X - a +2 chain mail of positive energy
Jewellery
 p - a +4 ring of protection (left hand)
 v - a +4 ring of protection (right hand)
 H - a +6 ring of intelligence
 I - a +6 ring of strength
 N - a +4 ring of protection
 O - a ring of protection from fire
 P - the amulet "Ballofun" (around neck) {Faith rElec Int+4 SInv Stlth+}
   (You acquired it in a bailey)

   [amulet of faith]

   It allows you to gain divine favour quickly.
   Int:       It affects your intelligence (+4).
   rElec:     It insulates you from electricity.
   SInv:      It lets you see invisible.
   Stlth:     It makes you more stealthy.
Wands
 j - a wand of polymorph (4)
 t - a wand of mindburst (35)
 A - a wand of roots (24)
 G - a wand of light (10)
Scrolls
 k - a scroll of poison
 m - 2 scrolls of fear
 s - 2 scrolls of amnesia
 w - 5 scrolls of teleportation
 x - a scroll of silence
 y - a scroll of noise
 D - a scroll of immolation
 J - a scroll of enchant armour {unknown}
 K - a scroll of fog {unknown}
 M - 2 scrolls of vulnerability {unknown}
 Q - 2 scrolls of blinking {unknown}
 S - a scroll of torment {unknown}
 T - 2 scrolls of enchant weapon {unknown}
Potions
 b - 2 potions of flight
 c - a potion of curing {unknown}
 e - 2 potions of brilliance
 f - 3 potions of attraction
 i - 2 potions of haste
 n - 2 potions of mutation
 q - 2 potions of magic
 u - a potion of degeneration {unknown}
 z - 6 potions of resistance
 B - a potion of heal wounds
 F - 3 potions of berserk rage {unknown}


   Skills:
 * Level 13.8 Fighting
 - Level 14.0 Polearms
 + Level 7.2 Armour
 + Level 7.2 Shields


You had 10 spell levels left.
You didn't know any spells.
Your spell library contained the following spells:

 Spells                   Type           Power      Damage    Failure   Level
 Apportation              Tloc           0%         N/A       86%         1
 Necrotise                Necr           0%         1d4       86%         1
 Summon Small Mammal      Summ           0%         N/A       86%         1
 Ensorcelled Hibernation  Hex/Ice        0%         N/A       94%         2
 Lesser Beckoning         Tloc           0%         N/A       94%         2
 Passwall                 Tmut/Erth      0%         N/A       94%         2
 Gell's Gravitas          Tloc           0%         N/A       99%         3
 Swiftness                Air            0%         N/A       99%         3
 Teleport Other           Tloc           0%         N/A       99%         3
 Animate Armour           Summ/Erth      0%         N/A       100%        4
 Blade Hands              Tmut           0%         N/A       100%        5
 Iron Shot                Conj/Erth      0%         9d1       100%        6


Dungeon Overview and Level Annotations

Branches:
Dungeon (9/15)             Temple (1/1) D:4             Orc (2/2) D:9
 Bailey (visited)
   Lair: D:8-11         Elf: Orc:2

Altars:
Ashenzari
Cheibriados
Dithmenos
Elyvilon
Fedhas
Gozag
Hepliaklqana
Kikubaaqudgha
Makhleb
Nemelex Xobeh
Okawaru
Qazlal
Ru
Sif Muna
Trog
Uskayaw
Vehumet
Wu Jian
Xom
Yredelemnul
Zin
The Shining One

Shops:
D:2 (   D:4 (

Annotations:
Orc:2 Donald


Innate Abilities, Weirdness & Mutations

You have a pair of horns on your head.
You reflexively headbutt those who attack you in melee.


Message History

The orc wizard is moderately wounded.
You reach to attack!
You hit the orc wizard. You freeze the orc wizard.
The orc wizard is severely wounded.
You hit the orc wizard. You freeze the orc wizard.
You kill the orc wizard!
You reach to attack!
You puncture the orc! You freeze the orc.
You kill the orc!
You reach to attack!
You puncture the orc wizard! You freeze the orc wizard.
You kill the orc wizard!
Things that are here:
a +0 dagger; a +0 robe; an orc corpse You reach to attack!
You impale the orc!! You freeze the orc.
You kill the orc!
No target in view!
Donald is nearby!
An orc comes into view. It is wielding a +0 club.
The orc shouts!
Donald shouts!
Donald gestures wildly while chanting.
Donald seems to grow stronger.
Donald gestures wildly while chanting.
Donald seems to speed up.
Things that are here:
a +0 dagger; a +0 robe; an orc corpse Your shield is strengthened by the Shining One's divine power.
Throw: 2 throwing nets
Press: ? - help, Q - select action, (/) - cycle Shift-Dir - straight line, f - Donald
Aim: Donald, wielding a +3 eveningstar of draining, wearing a +4 plate armour of fire resistance and wearing a +0 kite shield of reflection (fast, strong, reflecting blocked projectiles, haloed, 94% to hit)
You throw a throwing net.
Donald blocks the throwing net with his +0 kite shield of reflection... and reflects it back!
The throwing net hits you.
You become entangled in the net!
Donald hits you with a +3 eveningstar of draining!!
You partially resist.
You feel drained.
Donald hits you with a +3 eveningstar of draining!!!
* * * LOW HITPOINT WARNING * * *
You partially resist.
You feel drained.
* * * LOW HITPOINT WARNING * * *
You tear a large gash into the net.
Donald says, "You stick out like a sore thumb.
Or at least, a shining one."
Donald hits you with a +3 eveningstar of draining!!
You die...

.#..........# ##......#.#....#
.............#####..#...#........
.....................#####.#..#.#
.....................###.........
......................#...)......
...................#..#....))....
)...#.............##......)......
....................#............
.#.......#......@@..o............
#................................
##.).............................
##.#........................#####
#...#<.)##..................# #
##.##...#...................# +
###...##.................#.# #
#...###..#.#..#.......##.# #
###....####..o...#.... .


You could see Donald (fast, strong, reflecting) and an orc.

Vanquished Creatures
  A two-headed ogre (Orc:2)
  An orc high priest (Bailey)
  An orc knight (Bailey)
  An orc sorcerer (Orc:2)
  Maggie (D:7)
  A kobold demonologist (Bailey)
  Prince Ribbit (D:7)
  A wyvern (D:8)
  Sigmund (D:3)
  Menkaure (D:5)
  A warg (Orc:2)
  Edmund (D:6)
  A water moccasin (D:9)
  21 orc warriors
  3 ice beasts
  4 ogres
  4 centaurs
  2 phantoms
  A kobold brigand (D:7)
  3 bullfrogs
  2 gnoll sergeants
  A scorpion (D:5)
  11 wights
  17 killer bees
  4 electric eels (Bailey)
  4 howler monkeys
  A crimson imp (D:9)
  2 jellies
  A gnoll bouda (D:4)
  3 hounds (D:5)
  9 orc priests
  2 sleepcaps
  Ijyb (D:4)
  An iguana (D:5)
  13 orc wizards
  21 gnolls
  7 adders
  2 white imps (D:7)
  2 ufetubi
  A worm (D:4)
  5 dart slugs
  38 orcs
  7 ball pythons
  7 endoplasms
  3 giant cockroaches
  17 goblins
  10 hobgoblins
  5 jackals
  3 quokkas
  6 bats
  2 frilled lizards
  12 kobolds
  8 rats
279 creatures vanquished.

Vanquished Creatures (others)
  An orc (Orc:2)
  3 plants (D:8)
4 creatures vanquished.

Grand Total: 283 creatures vanquished

Notes
Turn   | Place    | Note
-------+----------+-------------------------------------------
     0 | D:1      | alexhoolio the Minotaur Fighter began the quest for the
                  | Orb.
     0 | D:1      | Reached XP level 1. HP: 19/19 MP: 0/0
    71 | D:1      | Found a faded altar of an unknown god.
    83 | D:1      | Reached skill level 3 in Polearms
    84 | D:1      | Reached XP level 2. HP: 27/27 MP: 1/1
   493 | D:1      | Reached XP level 3. HP: 33/33 MP: 2/2
   840 | D:2      | Reached skill level 4 in Polearms
   922 | D:2      | Found Ygenod's Weapon Shop.
  1051 | D:2      | Found a blossoming altar of Fedhas.
  1157 | D:2      | Reached XP level 4. HP: 41/41 MP: 3/3
  1493 | D:3      | Reached skill level 5 in Polearms
  1597 | D:3      | Noticed Sigmund
  1631 | D:3      | Killed Sigmund
  1632 | D:3      | Reached skill level 5 in Fighting
  1632 | D:3      | Reached skill level 6 in Polearms
  1632 | D:3      | Reached XP level 5. HP: 48/48 MP: 4/4
  1810 | D:4      | Found Esat's Antique Weapon Shoppe.
  1846 | D:4      | Found a staircase to the Ecumenical Temple.
  1856 | Temple   | Entered the Ecumenical Temple
  2169 | D:4      | Reached XP level 6. HP: 49/56 MP: 5/5
  2653 | D:5      | Entered Level 5 of the Dungeon
  2665 | D:5      | Reached skill level 7 in Polearms
  2789 | D:5      | Reached XP level 7. HP: 60/63 MP: 6/6
  2830 | D:5      | Reached skill level 8 in Polearms
  2842 | D:5      | Noticed Ijyb
  2842 | D:5      | Noticed Menkaure
  2926 | D:4      | Killed Ijyb
  3204 | D:5      | Reached skill level 9 in Polearms
  3449 | D:5      | Found an iron altar of Okawaru.
  3469 | D:5      | Reached XP level 8. HP: 64/73 MP: 7/7
  3487 | D:5      | Found a bloodstained altar of Trog.
  3655 | D:6      | Found a shimmering blue altar of Sif Muna.
  3657 | D:6      | Found a basalt altar of Yredelemnul.
  3657 | D:6      | Found a radiant altar of Vehumet.
  3812 | D:5      | Reached skill level 10 in Polearms
  4376 | D:6      | Found a snail-covered altar of Cheibriados.
  4511 | D:6      | Noticed Edmund
  4530 | D:6      | Killed Edmund
  4531 | D:6      | Reached skill level 11 in Polearms
  4631 | D:7      | Noticed Maggie
  4794 | D:7      | Killed Maggie
  4795 | D:7      | Reached XP level 9. HP: 30/82 MP: 8/8
  5125 | D:7      | Reached skill level 12 in Polearms
  5418 | D:7      | Noticed Prince Ribbit
  5425 | D:7      | Killed Prince Ribbit
  5833 | D:5      | Killed Menkaure
  6178 | D:8      | Reached skill level 13 in Polearms
  6198 | D:8      | Reached skill level 10 in Fighting
  6260 | D:8      | HP: 2/77 [wight/+5 halberd (3)]
  6513 | D:8      | Found a flagged portal.
  6520 | Bailey   | Entered a bailey
  6807 | Bailey   | Noticed an orc high priest
  6828 | Bailey   | Killed an orc high priest
  6829 | Bailey   | Reached skill level 14 in Polearms
  6829 | Bailey   | Reached XP level 10. HP: 73/94 MP: 9/9
  6829 | Bailey   | Noticed an orc knight
  6873 | Bailey   | Killed an orc knight
  7174 | Bailey   | Acquired the amulet "Ballofun" {Faith rElec Int+4 SInv
                  | Stlth+}
  7216 | Bailey   | Noticed a sixfirhy
  7229 | Bailey   | Found an iron altar of Okawaru.
  7243 | Bailey   | Identified the +8 shortbow of Anuotav {flame, +Blink rPois
                  | rC- Dex+3}
  7535 | Bailey   | Reached skill level 5 in Shields
  7548 | Bailey   | Reached skill level 5 in Armour
  7891 | D:8      | Found a glowing silver altar of Zin.
  7907 | D:8      | Found a glowing golden altar of the Shining One.
  7912 | D:8      | Became a worshipper of the Shining One
  8596 | D:9      | Found a shimmering altar of Xom.
  8596 | D:9      | Found a burning altar of Makhleb.
  8671 | D:9      | Found a staircase to the Orcish Mines.
  9316 | D:9      | Reached * piety under the Shining One
  9348 | Orc:1    | Entered Level 1 of the Orcish Mines
  9634 | Orc:2    | Entered Level 2 of the Orcish Mines
  9738 | Orc:2    | Noticed an orc sorcerer
  9739 | Orc:2    | Paralysed by an orc sorcerer for 3 turns
  9739 | Orc:2    | Noticed an orc knight
  9867 | Orc:2    | Reached XP level 11. HP: 102/102 MP: 10/10
 10084 | Orc:2    | Reached ** piety under the Shining One
 10199 | Orc:2    | Noticed a two-headed ogre
 10209 | Orc:2    | Killed a two-headed ogre
 10230 | Orc:2    | Noticed an orc sorcerer
 10236 | Orc:2    | Killed an orc sorcerer
 10236 | Orc:2    | Noticed Donald
 10374 | Orc:2    | Mangled by Donald

Illustrated notes

Levels and vault maps discovered:
D:1:      matt_arrival_los_fun, layout_loops_ring,
          hellmonk_ecumenical_altar_lost_god, moated_statue
D:2:      layout_loops_ring, serial_shops, nicolae_shop_scrapyard, basic_altar,
          serial_rivers, chequers_serial_rivers_small_b,
          chequers_serial_rivers_small_a, chequers_serial_rivers_micro_d,
          chequers_serial_rivers_micro_a
D:3:      layout_rooms, uniq_sigmund
D:4:      layout_loops_cross, minmay_temple_entry_statues_pillars, serial_shops,
          nicolae_square_shop
D:5:      layout_basic, okawaru_trees_1, lemuel_round_altar,
          kennysheep_generic_room_13, uniq_menkaure, uniq_ijyb
D:6:      layout_loops_ring, grunt_temple_overflow_open, serial_park_tiny_1,
          nicolae_figureground_pulse, uniq_edmund
D:7:      layout_basic, uniq_prince_ribbit1, uniq_maggie
D:8:      layout_loops_ring, mainiacjoe_overflow_boulevard,
          overflow_temple_1_default, enter_bailey_3
D:9:      layout_loops_cross, grunt_temple_overflow_champion_of_chaos,
          st_stairs_3
Temple:   nicolae_temple_bog_church
Orc:1:    layout_caves
Orc:2:    grunt_orc_community_town_hall, layout_caves,
          grunt_orc_community_big_house_1, grunt_orc_community_big_house_1,
          grunt_orc_community_house_2, grunt_orc_community_house_1,
          grunt_orc_community_house_2, grunt_orc_community_house_3, uniq_donald

Skill      XL: |  1  2  3  4  5  6  7  8  9 10 11 |
---------------+----------------------------------+-----
Polearms       | 3 4 6 7 9 11 14 | 14.0
Fighting       | 4 5 6 7 8 10 13 | 13.8
Armour         | 6 7 |  7.2
Shields        | 6 7 |  7.2

Action                     |  1- 3 |  4- 6 |  7- 9 | 10-12 || total
---------------------------+-------+-------+-------+-------++-------
  Melee: Trident           |    95 |   120 |   424 |   384 ||  1023
         Headbutt          |     6 |    15 |    67 |    57 ||   145
  Throw: Dart              |       |       |     4 |     3 ||     7
         Throwing net      |       |       |       |     1 ||     1
 Invoke: Divine Shield     |       |       |       |     1 ||     1
  Evoke: Wand              |       |       |       |     1 ||     1
    Use: Potion            |       |       |     1 |     1 ||     2
         Scroll            |       |       |    15 |     1 ||    16
 Armour: Scale mail        |    27 |    41 |   103 |    89 ||   260
  Dodge: Dodged            |    24 |    28 |    97 |    74 ||   223
  Block: Buckler           |    18 |    14 |    48 |    20 ||   100
         Kite shield       |       |       |       |    49 ||    49
